Map: Invader LE

Players

FLORENCIO - Winner!

  • Race: Protoss Protoss
  • League: Master

Flash

  • Race: Zerg Zerg
  • League: Master

VOD

Have the link to the VOD?

Description

Time

  • Played on: June 12, 2016, 9:18 a.m.
  • Length: 9:55
Show
View Real Time Build Order
Export as new Build Order

FLORENCIO Protoss - Winner!

Build Orders:  

Get SALT Encoding   

  12  0:01  Probe (Chrono Boost)  
  13  0:11  Probe (Chrono Boost)  
  14  0:22  Probe (Chrono Boost)  
  15  0:31  Pylon  
  15  0:49  Probe (Chrono Boost)  
  16  0:51  Gateway  
  16  1:00  Probe (Chrono Boost)  
  16  1:01  Assimilator  
  17  1:08  Assimilator  
  17  1:10  Probe (Chrono Boost)  
  18  1:21  Probe (Chrono Boost)  
  19  1:31  Probe (Chrono Boost)  
  20  1:39  Zealot  
  22  1:40  Cybernetics Core  
  22  1:42  Probe (Chrono Boost)  
  22  1:44  Pylon  
  23  2:08  Nexus  
  23  2:14  Probe (Chrono Boost)  
  24  2:25  Probe (Chrono Boost)  
  24  2:26  Stalker  
  27  2:31  Assimilator  
  27  2:35  Probe (Chrono Boost)  
  28  2:46  Mothership Core (Chrono Boost)  
  30  3:04  Probe (Chrono Boost)  
  31  3:10  Pylon  
  32  3:20  Probe (Chrono Boost)  
  32  3:27  Probe (Chrono Boost)  
  33  3:30  Probe (Chrono Boost)  
  33  3:31  Assimilator  
  34  3:37  Probe (Chrono Boost)  
  34  3:41  Probe (Chrono Boost)  
  36  3:44  Stargate  
  36  3:45  Stargate  
  36  3:47  Stargate  
  36  3:48  Probe (Chrono Boost)  
  37  3:53  Pylon  
  35  4:05  Probe x2 (Chrono Boost)  
  37  4:15  Forge  
  37  4:16  Probe x2 (Chrono Boost)  
  39  4:30  Oracle x2  
  45  4:34  Oracle  
  45  4:38  Probe (Chrono Boost)  
  49  4:39  Probe (Chrono Boost)  
  49  4:44  Pylon  
  50  4:48  Probe (Chrono Boost)  
  51  4:59  Probe (Chrono Boost)  
  53  5:01  Probe (Chrono Boost)  
  53  5:06  Oracle x2  
  59  5:10  Oracle  
  59  5:12  Probe (Chrono Boost)  
  63  5:15  Probe (Chrono Boost)  
  64  5:23  Probe (Chrono Boost)  
  64  5:24  Pylon  
  64  5:25  Probe (Chrono Boost)  
  66  5:30  Pylon  
  66  5:33  Photon Cannon  
  67  5:43  Probe x2 (Chrono Boost), Photon Cannon  
  68  5:50  Oracle  
  68  5:52  Oracle  
  74  5:57  Oracle  
  77  6:26  Oracle  
  80  6:41  Oracle x2  
  86  6:59  Photon Cannon x2  
  86  7:05  Photon Cannon x2  
  86  7:10  Photon Cannon  
  86  7:11  Photon Cannon  
  86  7:13  Pylon  
  86  7:32  Pylon  
  86  7:33  Photon Cannon  
  86  7:37  Pylon  
  86  7:41  Pylon x2  
  86  7:50  Phoenix x3  
  92  7:58  Gateway  
  92  7:59  Photon Cannon  
  92  8:15  Phoenix x3  
  98  8:39  Photon Cannon  
  98  8:40  Phoenix x3, Photon Cannon  
  104  8:43  Photon Cannon  
  104  9:05  Phoenix x3  
Show
View Real Time Build Order
Export as new Build Order

Flash Zerg 

Build Orders: 3 Hatch before Pool 

Get SALT Encoding   

  12  0:01  Drone  
  13  0:12  Overlord  
  13  0:17  Drone  
  14  0:26  Extractor, Drone  
  15  0:31  Drone  
  15  0:34  Drone  
  17  0:55  Hatchery  
  17  0:56  Drone  
  17  1:20  Drone  
  17  1:23  Drone  
  19  1:28  Hatchery  
  19  1:29  Overlord  
  18  1:44  Spawning Pool  
  17  1:48  Drone  
  17  1:49  Drone  
  17  1:53  Drone  
  20  2:04  Drone  
  20  2:08  Drone  
  22  2:14  Drone  
  23  2:18  Drone  
  24  2:24  Drone  
  26  2:30  Drone  
  26  2:31  Queen x2  
  26  2:37  Drone  
  31  2:40  Queen  
  31  2:41  Drone  
  31  2:43  Drone  
  35  2:52  Extractor  
  35  2:54  Drone  
  35  2:55  Drone x2  
  35  2:58  Drone  
  38  3:03  Drone x2  
  40  3:07  Drone  
  41  3:13  Overlord  
  41  3:20  Drone  
  41  3:24  Overlord  
  42  3:31  Queen x3  
  42  3:32  Overlord x2  
  48  3:37  Drone x2  
  50  3:42  Drone  
  50  4:04  Drone x4  
  50  4:05  Drone x6  
  60  4:18  Metabolic Boost  
  60  4:21  Drone x2  
  62  4:29  Overlord x3  
  62  4:38  Drone x3  
  64  4:39  Drone  
  64  4:42  Hatchery  
  64  4:43  Evolution Chamber  
  64  4:44  Evolution Chamber  
  63  4:59  Zergling x4  
  69  5:00  Zergling x24  
  78  5:07  Zergling x4  
  78  5:12  Zerg Melee Weapons Level 1  
  78  5:13  Lair  
  79  5:18  Zergling x12  
  85  5:28  Drone  
  85  5:30  Zergling x8  
  85  5:31  Spore Crawler  
  89  5:45  Zergling x2  
  89  5:47  Overlord x4, Hatchery  
  89  5:57  Queen  
  89  5:58  Drone x5  
  88  6:22  Queen x2  
  84  6:28  Zergling x2  
  84  6:29  Zergling x34  
  84  6:32  Queen  
  98  6:36  Spore Crawler  
  98  6:37  Spore Crawler  
  98  6:39  Spore Crawler  
  89  6:58  Queen x2  
  86  7:04  Drone x11  
  86  7:06  Drone  
  86  7:08  Queen  
  98  7:13  Spore Crawler  
  93  7:31  Zergling x8  
  93  7:32  Zergling x10  
  102  7:38  Spire  
  102  7:39  Extractor  
  102  7:41  Extractor  
  102  7:42  Zergling x2  
  102  7:43  Zergling x10  
  85  8:01  Zergling x12  
  85  8:02  Zergling x6  
  92  8:12  Spore Crawler x2, Drone  
  76  8:13  Hatchery  
  76  8:16  Spore Crawler  
  59  8:38  Drone x3  
  59  8:39  Queen  
  64  8:55  Drone x6  
  68  8:56  Drone  
  68  9:00  Hatchery  
  70  9:17  Spore Crawler  
  70  9:21  Corruptor  
Tags
 
Add a new tag
Caveats
  • Supply blocks, unpowered buildings, or Contaminate may cause inaccurate times.
  • Supply counts are checked every 10 seconds.